Map: Bridgehead LE (Void)

Players

wabbajack - Winner!

  • Race: Zerg Zerg
  • League: Gold

cdub

  • Race: Protoss Protoss
  • League: Grandmaster

VOD

Have the link to the VOD?

Description

Time

  • Played on: July 17, 2015, 1:55 p.m.
  • Length: 18:37
Show
View Real Time Build Order
Export as new Build Order

wabbajack Zerg - Winner!

Build Orders: Hatch First 

Get SALT Encoding   

  12  0:01  Drone  
  13  0:13  Drone  
  14  0:17  Overlord  
  14  0:25  Extractor  
  14  0:27  Drone  
  14  0:28  Extractor  
  14  0:29  Drone  
  16  0:52  Hatchery  
  15  0:58  Drone x2  
  15  1:00  Drone  
  18  1:06  Extractor  
  17  1:17  Spawning Pool  
  16  1:20  Drone  
  16  1:23  Drone  
  18  1:32  Drone  
  19  1:54  Overlord  
  19  1:56  Drone  
  20  2:04  Queen  
  20  2:05  Queen  
  24  2:08  Zergling x2  
  24  2:10  Zergling x2  
  24  2:11  Metabolic Boost  
  24  2:15  Drone  
  27  2:17  Drone  
  28  2:29  Drone x2  
  30  2:39  Baneling Nest  
  30  2:41  Drone x2  
  31  3:06  Extractor  
  31  3:10  Drone  
  30  3:22  Roach Warren  
  30  3:26  Drone  
  30  3:27  Drone x3  
  30  3:28  Overlord  
  30  3:29  Overlord  
  30  3:32  Overlord  
  30  3:33  Zergling x4  
  30  3:34  Zergling x2  
  36  3:39  Pneumatized Carapace  
  36  3:44  Baneling  
  36  3:45  Baneling  
  30  4:21  Queen  
  30  4:23  Roach  
  41  4:24  Roach x5  
  41  4:27  Roach  
  41  4:28  Roach x2  
  40  5:16  Zergling x6  
  40  5:20  Drone  
  40  5:21  Drone x9  
  52  5:26  Spore Crawler  
  52  5:27  Spine Crawler  
  50  5:42  Spore Crawler  
  48  5:43  Spine Crawler  
  48  5:46  Roach x2  
  48  5:47  Overlord x2  
  47  5:57  Zergling x6  
  49  6:15  Baneling x2  
  49  6:31  Roach  
  49  6:32  Roach x4  
  57  6:43  Spawning Pool  
  40  7:46  Extractor  
  40  7:47  Hatchery, Lair, Roach Warren  
  37  7:58  Hatchery  
  36  8:01  Zergling x6  
  39  8:07  Drone x2  
  41  8:30  Roach x4  
  38  8:57  Roach  
  38  8:58  Roach x3  
  38  9:00  Queen  
  46  9:04  Zergling x2  
  47  9:14  Drone x2  
  49  9:46  Glial Reconstitution  
  49  9:51  Drone, Hydralisk Den  
  49  9:52  Drone x7  
  56  9:59  Baneling x2  
  56  10:08  Lurker Den  
  56  10:26  Roach x2  
  56  10:28  Evolution Chamber  
  59  10:29  Overlord x2  
  59  10:33  Hatchery  
  58  10:36  Hatchery  
  57  11:15  Zergling x2  
  57  11:16  Zergling x2  
  57  11:17  Zergling x26  
  72  11:24  Drone  
  72  11:25  Drone  
  74  11:36  Muscular Augments  
  74  11:37  Zerg Missile Weapons Level 1  
  74  11:43  Evolution Chamber, Drone x3  
  76  11:54  Drone x3, Extractor  
  75  11:55  Drone x4  
  82  12:03  Drone  
  82  12:05  Drone  
  75  13:11  Queen  
  75  13:12  Queen  
  72  13:13  Drone x3  
  72  13:14  Drone x3  
  72  13:15  Drone x3  
  72  13:16  Drone x6  
  72  13:17  Drone  
  75  13:54  Zerg Missile Weapons Level 2  
  75  13:56  Overlord x2, Zerg Ground Armor Level 1  
  75  13:57  Overlord x7  
  75  13:58  Overlord  
  71  14:11  Extractor  
  71  14:12  Extractor  
  71  14:14  Extractor  
  71  14:16  Extractor  
  71  14:17  Drone x3  
  68  14:18  Drone x3  
  68  14:19  Drone x3  
  68  14:20  Drone x3  
  79  14:27  Spore Crawler  
  79  14:29  Spine Crawler  
  77  14:31  Spine Crawler  
  77  14:33  Spine Crawler  
  77  14:34  Spine Crawler  
  77  14:35  Spine Crawler  
  77  14:37  Spore Crawler, Spine Crawler  
  71  14:39  Spine Crawler  
  71  14:41  Spore Crawler  
  71  14:43  Drone x2, Spine Crawler  
  71  14:44  Spine Crawler  
  71  14:45  Drone x3  
  72  14:47  Drone  
  72  14:48  Drone x4  
  77  15:01  Zergling x4  
  77  15:02  Zergling x14  
  77  15:03  Zergling x4  
  88  15:13  Centrifical Hooks  
  88  15:21  Drone x2  
  88  15:22  Drone x5  
  88  15:23  Drone x4  
  99  15:40  Burrow, Spire  
  99  15:42  Tunneling Claws  
  98  15:54  Zerg Melee Weapons Level 1  
  98  15:57  Hydralisk x3  
  98  15:58  Hydralisk x3, Roach x5  
  98  15:59  Roach  
  122  16:04  Baneling x2  
  122  16:05  Baneling x2  
  122  16:06  Baneling x3  
  122  16:08  Baneling x2  
  122  16:09  Baneling x3  
  122  16:10  Zerg Ground Armor Level 2  
  122  16:12  Zergling x8  
  122  16:13  Zergling x6  
  129  17:02  Hydralisk x2  
  129  17:03  Hydralisk x4, Roach x5  
  129  17:04  Overlord, Roach x2  
  129  17:05  Overlord x2  
  155  17:15  Infestation Pit  
  150  17:40  Hatchery  
  150  17:43  Roach x15  
Show
View Real Time Build Order
Export as new Build Order

cdub Protoss 

Build Orders:  

Get SALT Encoding   

  12  0:11  Pylon  
  13  0:14  Probe  
  13  0:26  Probe  
  14  0:34  Gateway  
  14  0:38  Assimilator  
  14  0:41  Probe  
  15  0:53  Probe (Chrono Boost)  
  16  1:03  Pylon  
  16  1:06  Probe (Chrono Boost)  
  17  1:15  Gateway  
  17  1:23  Cybernetics Core  
  17  1:27  Probe (Chrono Boost)  
  18  1:37  Probe (Chrono Boost)  
  19  1:42  Gateway  
  19  2:03  Warp Gate (Chrono Boost)  
  21  2:08  Adept x2  
  23  2:27  Pylon  
  23  2:37  Adept x3  
  29  2:45  Pylon  
  29  2:47  Pylon  
  29  2:48  Pylon  
  28  3:52  Stalker x3  
  34  4:15  Zealot x2  
  34  4:16  Zealot  
  40  4:34  Gateway  
  40  4:36  Gateway  
  40  4:37  Gateway  
  40  4:47  Stalker x3  
  22  5:12  Stalker  
  24  5:16  Probe (Chrono Boost)  
  26  5:29  Probe (Chrono Boost)  
  27  5:36  Probe (Chrono Boost)  
  27  5:46  Probe (Chrono Boost)  
  28  5:58  Probe (Chrono Boost)  
  29  6:08  Probe (Chrono Boost)  
  31  6:18  Probe (Chrono Boost)  
  31  6:27  Probe (Chrono Boost)  
  32  6:36  Zealot  
  24  6:54  Zealot  
  24  6:55  Zealot  
  21  7:44  Probe (Chrono Boost)  
  23  7:58  Probe (Chrono Boost)  
  23  8:18  Probe (Chrono Boost)  
  24  8:29  Probe (Chrono Boost)  
  25  8:35  Probe (Chrono Boost)  
  18  8:53  Probe (Chrono Boost)  
  15  9:05  Probe (Chrono Boost)  
  16  9:15  Probe (Chrono Boost)  
  17  9:22  Probe (Chrono Boost)  
  18  9:31  Probe (Chrono Boost), Forge  
  19  9:39  Probe (Chrono Boost)  
  20  9:50  Probe (Chrono Boost)  
  21  10:07  Photon Cannon  
  21  10:10  Photon Cannon  
  21  10:30  Nexus  
  21  10:43  Photon Cannon  
  21  10:49  Probe (Chrono Boost)  
  23  10:58  Probe (Chrono Boost)  
  23  11:05  Assimilator  
  23  11:06  Probe  
  24  11:18  Probe (Chrono Boost)  
  25  11:29  Protoss Shields Level 1 (Chrono Boost)  
  25  11:30  Probe (Chrono Boost)  
  26  11:38  Probe (Chrono Boost)  
  29  11:47  Probe (Chrono Boost)  
  29  11:50  Probe (Chrono Boost)  
  30  11:54  Probe (Chrono Boost)  
  31  12:01  Probe (Chrono Boost)  
  31  12:04  Probe (Chrono Boost)  
  33  12:10  Probe (Chrono Boost)  
  35  12:16  Mothership Core (Chrono Boost)  
  35  12:19  Probe (Chrono Boost)  
  36  12:28  Probe (Chrono Boost), Assimilator  
  36  12:29  Probe (Chrono Boost), Assimilator  
  38  12:35  Probe  
  39  12:37  Probe  
  40  13:01  Zealot x2  
  40  13:02  Zealot x2  
  38  13:23  Zealot x4  
  35  13:45  Zealot x4  
  37  14:18  Photon Cannon  
  37  14:26  Photon Cannon  
  37  14:27  Photon Cannon  
  37  14:29  Photon Cannon  
  37  14:40  Stalker x4  
  45  14:52  Robotics Facility  
  45  15:08  Stalker  
  45  15:09  Stalker x2  
  51  15:24  Pylon  
  51  15:25  Pylon  
  51  15:27  Pylon  
  51  15:42  Nexus  
  51  15:47  Pylon  
  51  15:52  Protoss Ground Weapons Level 1, Assimilator  
  51  15:57  Assimilator  
  51  16:08  Zealot x2  
  51  16:09  Zealot  
  57  16:26  Immortal (Chrono Boost)  
  61  16:53  Probe (Chrono Boost)  
  67  16:55  Probe x2 (Chrono Boost), Immortal (Chrono Boost)  
  68  17:05  Probe (Chrono Boost)  
  68  17:06  Probe x2 (Chrono Boost)  
  71  17:09  Pylon  
  71  17:11  Probe (Chrono Boost), Stargate  
  72  17:17  Probe (Chrono Boost)  
  72  17:22  Probe (Chrono Boost)  
  75  17:24  Probe (Chrono Boost)  
  75  17:27  Probe (Chrono Boost)  
  77  17:30  Probe x2 (Chrono Boost)  
  77  17:34  Probe  
  83  17:38  Immortal (Chrono Boost)  
  83  17:42  Robotics Bay  
  83  17:50  Probe x2  
  85  17:58  Zealot x2  
  48  18:12  Stalker  
  48  18:13  Stalker x3  
  42  18:29  Zealot x2  
Tags
 
Add a new tag
Caveats
  • Supply blocks, unpowered buildings, or Contaminate may cause inaccurate times.
  • Supply counts are checked every 10 seconds.